 Dungeon Crawl Stone Soup version 0.20-a0-641-g673355a (webtiles) character file.

34 xodi the Sneak (level 3, -10/16 HPs)
             Began as a Spriggan Enchanter on Feb 14, 2017.
             Killed from afar by Ijyb (24 damage)
             ... with a wand of lightning (?/15)
             ... on level 2 of the Dungeon.
             The game lasted 00:03:17 (1335 turns).

xodi the Sneak (Spriggan Enchanter)                 Turns: 1335, Time: 00:03:18

Health: -10/16     AC:  2    Str:  5    XL:     3   Next: 14%
Magic:  8/8        EV: 18    Int: 16    God:
Gold:   13         SH:  0    Dex: 16    Spells: 4/7 levels left

rFire    . . .     SeeInvis +   a - +1 dagger
rCold    . . .     Gourm    .   b - +0 robe
rNeg     . . .     Faith    .   (shield restricted)
rPois    .         Spirit   .   (helmet restricted)
rElec    .         Reflect  .   (no cloak)
rCorr    .         Harm     .   (gloves unavailable)
MR       .....                  (boots unavailable)
Stlth    +++.......             (no amulet)
Regen    0.1/turn               (no ring)
MPRegen  0.2/turn               (no ring)

@: very quick
A: unfitting armour, see invisible, herbivore 3, speed 3, slow metabolism 2
a: no special abilities


You were on level 2 of the Dungeon.
You were not hungry.

You visited 1 branch of the dungeon, and saw 2 of its levels.

You collected 13 gold pieces.

Inventory:

Hand Weapons
 a - a +1 dagger (weapon)
Armour
 b - a +0 robe (worn)
Jewellery
 j - an uncursed ring of poison resistance {unknown}
Scrolls
 g - a scroll of fear {unknown}
 h - 2 scrolls of enchant weapon {unknown}
 i - a scroll of fog {unknown}
Potions
 e - a potion of brilliance {unknown}
 k - 2 potions of agility {unknown}
Books
 c - a book of Maledictions

   Spells                             Type                      Level
   a - Corona                         Hexes                        1
   b - Ensorcelled Hibernation        Hexes/Ice                    2
   c - Confuse                        Hexes                        3
   d - Tukima's Dance                 Hexes                        3
   e - Dazzling Spray                 Conjuration/Hexes            3
Comestibles
 d - 2 bread rations
 f - a royal jelly


   Skills:
 + Level 1.7 Short Blades
 + Level 3.3 Dodging
 * Level 6.0 Stealth
 + Level 2.7 Spellcasting
 - Level 3.6 Hexes


You had 4 spell levels left.
You knew the following spells:

 Your Spells              Type           Power        Failure   Level  Hunger
a - Corona                Hex            ##.....      6%          1    #......
b - Ensorcelled Hibernat  Hex/Ice        #.....       14%         2    ##.....


Dungeon Overview and Level Annotations

Branches:
Dungeon (2/15)

Altars:
Fedhas
Vehumet

Annotations:
D:2 Ijyb


Innate Abilities, Weirdness & Mutations

You are very small and have problems with some larger weapons.
You are too small for most types of armour.
You have supernaturally acute eyesight. (SInv)
You are a herbivore.
You cover ground extremely quickly.
You need consume almost no food.


Message History

You see here 26 stones.
Found a radiant altar of Vehumet.
A rat comes into view.
A rat is nearby!
Found 2 sedimented pink potions.
A goblin comes into view. It is wielding a dagger of venom.
The helpless rat fails to defend itself.
You impale the rat!!
You kill the rat!
Your Stealth skill increases to level 6!
You see here a rat corpse.
Found 5 tomahawks.
You see here 2 sedimented pink potions.
The goblin shouts!
You hear a shout!
The goblin hits you with a dagger of venom.
Found a stone staircase leading down.
Ijyb the Twisted Goblin comes into view.
She is wielding a dagger.
You closely miss the goblin.
Ijyb zaps a wand.
The bolt of lightning hits you!
Ouch! That really hurt!
You die...

#. #.#.# .. #.
#.#.##.#.# g..# #.#
#.#.##.#.#
.....#.#.#.#..#.#.#
..>#.#.#.#.#..._..###
. ............#.#...#
..(#.#.###.#.#..###.#
.................##(#
#.@.!..†#.#.##.# .l
.# #.g....#.#.#.##.#
#. ##.
#.#.####.#.#.##.#
#)##.<...#.#.#
#.#.#.##.#
..#.##..#.#.#
#.#.#.##.#
#.#.##..#.#.# #.#..
#.# ...##..#.#.#
#.######.#
####..##..#.#.#
#.#......#
+.....##......#
#.#.#########


You could see Ijyb and a goblin.

Vanquished Creatures
  A worm (D:2)
  3 giant cockroaches
  4 goblins (D:1)
  4 hobgoblins
  A ball python (D:1)
  4 bats (D:1)
  3 frilled lizards (D:1)
  7 kobolds (D:1)
  2 rats
29 creatures vanquished.

Notes
Turn   | Place    | Note
-------+----------+-------------------------------------------
     0 | D:1      | xodi the Spriggan Enchanter began the quest for the Orb.
     0 | D:1      | Reached XP level 1. HP: 9/9 MP: 5/5
   352 | D:1      | Reached skill level 5 in Stealth
   362 | D:1      | Reached XP level 2. HP: 13/13 MP: 6/6
   444 | D:1      | Learned a level 2 spell: Ensorcelled Hibernation
  1095 | D:2      | Found a blossoming altar of Fedhas.
  1118 | D:2      | Reached XP level 3. HP: 16/16 MP: 8/8
  1321 | D:2      | Found a radiant altar of Vehumet.
  1328 | D:2      | Reached skill level 6 in Stealth
  1335 | D:2      | Noticed Ijyb
  1335 | D:2      | Killed from afar by Ijyb

Vault maps used:
D:1:      erik_arrival_blinker_ship, minivault_19, minmay_split_cup_small
D:2:      lemuel_coloured_pillars_altar, lemuel_crystal_altar, uniq_natasha,
          uniq_jessica, uniq_iyjb, uniq_sigmund

Skill      XL: |  1  2  3 |
---------------+----------+-----
Stealth        | 5 6 |  6.0
Short Blades   | |  1.7
Dodging        | |  3.3
Spellcasting   | |  2.7
Hexes          | |  3.6

Action                   || total
-------------------------++-------
Melee: Dagger            ||    85
 Cast: Ensorcelled Hiber ||    10
 Stab: Sleeping          ||    20
Armor: Robe              ||     6
Dodge: Dodged            ||    69
